 Dungeon Crawl Stone Soup version 0.21.1-1-g345015fe64 (webtiles) character file.

168 hydrated12 the Skirmisher (level 5, -2/43 HPs)
             Began as a Human Berserker on Feb 10, 2018.
             Was a Believer of Trog.
             Killed from afar by an orc wizard (11 damage)
             ... with a puff of frost
             ... on level 3 of the Dungeon.
             The game lasted 00:07:50 (1842 turns).

hydrated12 the Skirmisher (Human Berserker)         Turns: 1842, Time: 00:07:50

Health: -2/43      AC:  2    Str: 18    XL:     5   Next: 77%
Magic:  5/5        EV: 13    Int:  8    God:    Trog [**....]
Gold:   187        SH:  0    Dex: 12    Spells: 4/4 levels left

rFire    . . .     SeeInvis .   a - +0 falchion
rCold    . . .     Gourm    .   (no shield)
rNeg     . . .     Faith    .   b - +0 animal skin
rPois    .         Spirit   .   (no helmet)
rElec    .         Reflect  .   (no cloak)
rCorr    .         Harm     .   (no gloves)
MR       .....                  (no boots)
Stlth    ++........             g - amulet of rage
HPRegen  0.14/turn              j - +2 ring of slaying
MPRegen  0.09/turn              (no ring)

@: no status effects
A: no striking features
a: Berserk, Trog's Hand, Burn Spellbooks, Renounce Religion, Evoke Berserk Rage


You were on level 3 of the Dungeon.
You worshipped Trog.
Trog was pleased with you.
You were full.

You visited 1 branch of the dungeon, and saw 3 of its levels.

You collected 187 gold pieces.

Inventory:

Hand Weapons
 a - a +0 falchion (weapon)
Missiles
 d - 13 stones (quivered)
Armour
 b - a +0 animal skin (worn)
Jewellery
 g - an amulet of rage (around neck)
 j - a +2 ring of slaying (left hand)
Scrolls
 f - a scroll of random uselessness {unknown}
 n - a scroll of remove curse {unknown}
Potions
 h - a potion of resistance {unknown}
 m - a potion of invisibility {unknown}
Comestibles
 c - 3 rations


   Skills:
 * Level 4.9 Fighting
 - Level 3.1 Long Blades
 - Level 2.0 Armour
 * Level 3.4 Dodging
 + Level 1.2 Stealth
 + Level 0.1 Evocations


You had 4 spell levels left.
You didn't know any spells.

Dungeon Overview and Level Annotations

Branches:
Dungeon (3/15)

Altars:
Hepliaklqana


Message History

Aim: an orc wizard, wielding a dagger and wearing a robe (severely wounded, fast)
You throw a stone. The stone hits the orc wizard.
The orc wizard is severely wounded.
The orc wizard points at you and mumbles some strange words.
The puff of frost hits you!
Throwing (i - inventory):
d - 14 stones (quivered)
Press: ? - help, Shift-Dir - straight line, f/p - orc wizard
Aim: an orc wizard, wielding a dagger and wearing a robe (severely wounded, fast)
You throw a stone.
The stone hits the orc wizard but does no damage.
The orc wizard is severely wounded.
The orc wizard gestures at you while chanting.
The puff of flame misses you.
The orc wizard points at you and mumbles some strange words.
The puff of flame hits you!
* * * LOW HITPOINT WARNING * * *
The orc wizard miscasts a cantrip.
The orc wizard points at you and mumbles some strange words.
The puff of frost hits you!
You die...

#. #.## ..# ## #.# ###
.#####.## ##.###
....#...### ##....#
.##...#..<###..##.##
#####...#.#....#...#
######.##.#.#..#@..#
....##.##)#.####...###
.......##...##.......##
###.#########.........#
###.### #....≈≈≈....#
#.....# #...≈§≈≈≈...#
#.....#####...≈≈(o.≈≈...#
..<.......#...≈≈.>.≈≈...#
......###.#...≈≈...≈≈...#


You could see an orc wizard.

Vanquished Creatures
  Natasha (thrice) (D:2)
  Terence (D:2)
  3 adders
  A worm (D:2)
  6 giant cockroaches
  5 goblins
  4 hobgoblins
  2 ball pythons
  5 bats (D:1)
  3 frilled lizards
  5 kobolds
  4 rats
42 creatures vanquished.

Notes
Turn   | Place    | Note
-------+----------+-------------------------------------------
     0 | D:1      | hydrated12 the Human Berserker began the quest for the Orb.
     0 | D:1      | Reached XP level 1. HP: 18/18 MP: 1/1
   198 | D:1      | Reached XP level 2. HP: 22/24 MP: 2/2
   749 | D:2      | Noticed Natasha
   762 | D:2      | Killed Natasha
   762 | D:2      | Reached XP level 3. HP: 22/30 MP: 3/3
   871 | D:2      | Reached XP level 4. HP: 37/37 MP: 4/4
   982 | D:2      | Noticed Terence
   993 | D:2      | Killed Terence
   993 | D:2      | Reached skill level 4 in Fighting
   993 | D:2      | Reached skill level 1 in Stealth
  1080 | D:2      | Noticed Natasha
  1097 | D:2      | Killed Natasha
  1097 | D:2      | Reached ** piety under Trog
  1097 | D:2      | Reached XP level 5. HP: 11/43 MP: 5/5
  1099 | D:2      | Found a hazy altar of Hepliaklqana.
  1580 | D:2      | Noticed Natasha
  1585 | D:2      | Killed Natasha
  1842 | D:3      | Killed from afar by an orc wizard

Skill      XL: |  1  2  3  4 |
---------------+-------------+-----
Fighting       | 4 |  4.9
Dodging        | 3 |  3.4
Stealth        | 1 |  1.2
Long Blades    | |  3.1
Armour         | |  2.0
Evocations     | |  0.1

Action                   |  1- 3 |  4- 6 || total
-------------------------+-------+-------++-------
Melee: Falchion          |    78 |    68 ||   146
Throw: Stone             |       |    11 ||    11
Invok: Berserk           |       |     2 ||     2
       Burn Spellbooks   |       |     1 ||     1
 Abil: Evoke Berserk Rag |       |     1 ||     1
  Use: Scroll            |     4 |     1 ||     5
       Potion            |     3 |     3 ||     6
 Stab: Sleeping          |     4 |     1 ||     5
  Eat: Ration            |     1 |     2 ||     3
Armor: Animal skin       |    17 |    14 ||    31
Dodge: Dodged            |    54 |    52 ||   106
       Rpst.: Falchion   |    19 |    20 ||    39
